Dernière mise à jour: 2025-12-07 16:11:59
% Time on Ice - NORTH DAKOTA HAWKS
Lines # - Real PCT - Wanted PCT - Time Play
Normal Forward
1 - 35% - 34% - 17:03
2 - 31% - 33% - 15:15
3 - 21% - 20% - 10:07
4 - 12% - 13% - 6:02
Normal Defense
1 - 36% - 40% - 17:23
2 - 35% - 37% - 16:44
3 - 22% - 12% - 10:41
4 - 8% - 11% - 3:39
PP Forward
1 - 54% - 65% - 4:07
2 - 46% - 35% - 3:28
PP Defense
1 - 66% - 65% - 4:59
2 - 34% - 35% - 2:36
PK Forward
1 - 60% - 55% - 1:11
2 - 40% - 45% - 0:48
PK Defense
1 - 60% - 55% - 1:11
2 - 40% - 45% - 0:48
PK3 Forward
1 - 0% - 55%
2 - 0% - 45%
PK3 Defense
1 - 0% - 55%
2 - 0% - 45%
44 Forward
1 - 58% - 55% - 1:09
2 - 42% - 45% - 0:50
44 Defense
1 - 75% - 55% - 1:29
2 - 25% - 45% - 0:30
Last Minute Offensive  - 0:00
Last Minute Defensive  - 0:00
Total
Forward - 60:00
Defense - 60:00
% Time on Ice - REGINA FALCONS
Lines # - Real PCT - Wanted PCT - Time Play
Normal Forward
1 - 31% - 36% - 14:51
2 - 33% - 31% - 16:00
3 - 26% - 23% - 12:24
4 - 11% - 10% - 5:12
Normal Defense
1 - 35% - 36% - 16:50
2 - 34% - 31% - 16:38
3 - 27% - 23% - 12:51
4 - 4% - 10% - 2:08
PP Forward
1 - 58% - 55% - 1:09
2 - 42% - 45% - 0:50
PP Defense
1 - 58% - 55% - 1:09
2 - 42% - 45% - 0:50
PK Forward
1 - 59% - 55% - 4:29
2 - 41% - 45% - 3:06
PK Defense
1 - 71% - 55% - 5:23
2 - 29% - 45% - 2:12
PK3 Forward
1 - 0% - 55%
2 - 0% - 45%
PK3 Defense
1 - 0% - 55%
2 - 0% - 45%
44 Forward
1 - 63% - 55% - 1:15
2 - 37% - 45% - 0:44
44 Defense
1 - 63% - 55% - 1:15
2 - 37% - 45% - 0:44
Last Minute Offensive  - 0:00
Last Minute Defensive  - 0:00
Total
Forward - 60:00
Defense - 60:00
Play-by-Play 1st period 0:01 of 1st period - Anze Kopitar wins face-off versus Jack Hughes in neutral zone. 0:20 of 1st period - Shot by Jack Hughes. 0:20 of 1st period - Stopped by Chris Driedger with a rebound. 0:34 of 1st period - Shot by Anze Kopitar. 0:34 of 1st period - Stopped by Linus Ullmark without a rebound. 0:35 of 1st period - Reyley Smith wins face-off versus William Eklund in NORTH DAKOTA HAWKS zone. 0:42 of 1st period - Shot by Nick Suzuki. 0:42 of 1st period - Stopped by Chris Driedger without a rebound. 0:43 of 1st period - Nico Sturm wins face-off versus Tanner Pearson in REGINA FALCONS zone. 1:49 of 1st period - Nick Suzuki is hit by Marco Scandella and loses puck. 2:12 of 1st period - Jake DeBrusk is hit by Pierre-Olivier Joseph and loses puck. 2:45 of 1st period - Icing by Pierre-Olivier Joseph. 2:46 of 1st period - Jack Hughes wins face-off versus William Eklund in REGINA FALCONS zone. 3:07 of 1st period - Shot by Jack Hughes. 3:07 of 1st period - Stopped by Chris Driedger without a rebound. 3:08 of 1st period - Anze Kopitar wins face-off versus Frederick Gaudreau in REGINA FALCONS zone. 3:08 of 1st period - Anze Kopitar is hit by Garnet Hathaway. 3:20 of 1st period - Shot by Ryan Hartman. 3:20 of 1st period - Deflect By Garnet Hathaway. 3:20 of 1st period - Goal by Garnet Hathaway - NORTH DAKOTA HAWKS : 1 - REGINA FALCONS : 0. 3:21 of 1st period - Nick Suzuki wins face-off versus Egor Afanasyev in neutral zone. 3:32 of 1st period - Shot by Cale Makar. 3:32 of 1st period - Shot Misses the Net. 3:34 of 1st period - Shot by Cale Makar. 3:34 of 1st period - Stopped by Chris Driedger with a rebound. 3:37 of 1st period - Minor Penalty to Logan Stanley for Hooking. 3:38 of 1st period - Rickard Rakell wins face-off versus Frederick Gaudreau in REGINA FALCONS zone. 4:54 of 1st period - Off-side. 4:55 of 1st period - Nick Suzuki wins face-off versus Rickard Rakell in neutral zone. 4:58 of 1st period - Shot by Cale Makar. 4:58 of 1st period - Shot Blocked by Marco Scandella. 5:44 of 1st period - Icing by Oliver Kylington. 5:45 of 1st period - William Eklund wins face-off versus Jack Hughes in NORTH DAKOTA HAWKS zone. 6:10 of 1st period - Shot by Jason Robertson. 6:10 of 1st period - Stopped by Chris Driedger without a rebound. 6:11 of 1st period - Nico Sturm wins face-off versus Anze Kopitar in REGINA FALCONS zone. 7:18 of 1st period - Nick Suzuki is hit by Max Jones and loses puck. 7:24 of 1st period - Christian Dvorak is hit by Ryan Lindgren and loses puck. 7:46 of 1st period - Shot by Torey Krug. 7:46 of 1st period - Shot Misses the Net. 7:48 of 1st period - Shot by Tanner Pearson. 7:48 of 1st period - Shot Misses the Net. 8:18 of 1st period - Shot by Andre Burakovsky. 8:18 of 1st period - Stopped by Linus Ullmark without a rebound. 8:19 of 1st period - Jack Hughes wins face-off versus Egor Afanasyev in NORTH DAKOTA HAWKS zone. 9:31 of 1st period - Shot by Frederick Gaudreau. 9:31 of 1st period - Shot Blocked by Egor Afanasyev. 9:35 of 1st period - Shot by Frederick Gaudreau. 9:35 of 1st period - Shot Misses the Net. 9:37 of 1st period - Shot by Ben Hutton. 9:37 of 1st period - Shot Blocked by Anze Kopitar. 10:03 of 1st period - Shot by Nico Sturm. 10:03 of 1st period - Shot Misses the Net. 10:05 of 1st period - Shot by Nico Sturm. 10:05 of 1st period - Goal by Nico Sturm - NORTH DAKOTA HAWKS : 2 - REGINA FALCONS : 0. 10:06 of 1st period - Christian Dvorak wins face-off versus Nico Sturm in neutral zone. 11:16 of 1st period - Shot by William Eklund. 11:16 of 1st period - Stopped by Linus Ullmark without a rebound. 11:17 of 1st period - William Eklund wins face-off versus Jack Hughes in NORTH DAKOTA HAWKS zone. 11:26 of 1st period - Shot by Jack Hughes. 11:26 of 1st period - Stopped by Chris Driedger with a rebound. 11:36 of 1st period - Shot by Andre Burakovsky. 11:36 of 1st period - Shot Misses the Net. 11:39 of 1st period - Icing by Cale Makar. 11:40 of 1st period - Anze Kopitar wins face-off versus Jack Hughes in NORTH DAKOTA HAWKS zone. 11:47 of 1st period - Shot by Rickard Rakell. 11:47 of 1st period - Shot Misses the Net. 12:39 of 1st period - Shot by Christian Dvorak. 12:39 of 1st period - Shot Misses the Net. 13:30 of 1st period - Shot by Ryan Hartman. 13:30 of 1st period - Stopped by Chris Driedger without a rebound. 13:31 of 1st period - Nico Sturm wins face-off versus William Eklund in REGINA FALCONS zone. 13:46 of 1st period - Shot by Alex Iafallo. 13:46 of 1st period - Stopped by Linus Ullmark with a rebound. 14:35 of 1st period - Shot by Jack Hughes. 14:35 of 1st period - Stopped by Chris Driedger without a rebound. 14:36 of 1st period - Anze Kopitar wins face-off versus Nick Suzuki in REGINA FALCONS zone. 15:09 of 1st period - Shot by Nick Suzuki. 15:09 of 1st period - Deflect By Jake DeBrusk. 15:09 of 1st period - Stopped by Chris Driedger with a rebound. 15:11 of 1st period - Shot by Jake DeBrusk. 15:11 of 1st period - Stopped by Chris Driedger without a rebound. 15:12 of 1st period - Jason Robertson wins face-off versus Christian Dvorak in REGINA FALCONS zone. 15:19 of 1st period - Icing by Pierre-Olivier Joseph. 15:20 of 1st period - Christian Dvorak wins face-off versus Jack Hughes in REGINA FALCONS zone. 15:20 of 1st period - Christian Dvorak is hit by Jason Robertson. 15:42 of 1st period - Shot by Christian Dvorak. 15:42 of 1st period - Shot Blocked by Oliver Kylington. 15:44 of 1st period - Shot by Max Jones. 15:44 of 1st period - Shot Misses the Net. 15:46 of 1st period - Shot by Tanner Pearson. 15:46 of 1st period - Shot Misses the Net. 15:48 of 1st period - Shot by Tanner Pearson. 15:48 of 1st period - Stopped by Linus Ullmark with a rebound. 16:06 of 1st period - Shot by Anze Kopitar. 16:06 of 1st period - Goal by Anze Kopitar - NORTH DAKOTA HAWKS : 2 - REGINA FALCONS : 1. 16:07 of 1st period - Nick Suzuki wins face-off versus Anze Kopitar in neutral zone. 16:58 of 1st period - Icing by Cale Makar. 16:59 of 1st period - Nick Suzuki wins face-off versus William Eklund in NORTH DAKOTA HAWKS zone. 17:23 of 1st period - Shot by Andre Burakovsky. 17:23 of 1st period - Stopped by Linus Ullmark without a rebound. 17:24 of 1st period - Christian Dvorak wins face-off versus Jack Hughes in NORTH DAKOTA HAWKS zone. 17:27 of 1st period - Shot by Max Jones. 17:27 of 1st period - Stopped by Linus Ullmark with a rebound. 17:55 of 1st period - Shot by Jack Hughes. 17:55 of 1st period - Deflect By Jason Robertson. 17:55 of 1st period - Goal by Jason Robertson - NORTH DAKOTA HAWKS : 3 - REGINA FALCONS : 1. 17:56 of 1st period - Anze Kopitar wins face-off versus Frederick Gaudreau in neutral zone. 18:05 of 1st period - Shot by Rickard Rakell. 18:05 of 1st period - Stopped by Linus Ullmark without a rebound. 18:06 of 1st period - Anze Kopitar wins face-off versus Nick Suzuki in NORTH DAKOTA HAWKS zone. 18:23 of 1st period - Icing by Jake DeBrusk. 18:24 of 1st period - Nick Suzuki wins face-off versus Alex Iafallo in NORTH DAKOTA HAWKS zone. 18:40 of 1st period - Icing by Ryan Lindgren. 18:41 of 1st period - Anze Kopitar wins face-off versus Nick Suzuki in NORTH DAKOTA HAWKS zone. 19:16 of 1st period - Icing by Ryan Lindgren. 19:17 of 1st period - Nick Suzuki wins face-off versus William Eklund in NORTH DAKOTA HAWKS zone. 19:36 of 1st period - Shot by William Eklund. 19:36 of 1st period - Stopped by Linus Ullmark with a rebound. 19:50 of 1st period - Shot by Jack Hughes. 19:50 of 1st period - Stopped by Chris Driedger without a rebound. 19:51 of 1st period - Anze Kopitar wins face-off versus Frederick Gaudreau in REGINA FALCONS zone. 19:56 of 1st period - Ryan Hartman is hit by Rickard Rakell and loses puck. Goals for this period are 3 for NORTH DAKOTA HAWKS vs 1 for REGINA FALCONS. Shots for this period are 14 for NORTH DAKOTA HAWKS vs 10 for REGINA FALCONS. 2nd period 0:01 of 2nd period - Jack Hughes wins face-off versus Rickard Rakell in neutral zone. 0:19 of 2nd period - Icing by Jack Hughes. 0:20 of 2nd period - Jack Hughes wins face-off versus William Eklund in NORTH DAKOTA HAWKS zone. 0:43 of 2nd period - Shot by Jason Robertson. 0:43 of 2nd period - Shot Misses the Net. 0:45 of 2nd period - Shot by Cale Makar. 0:45 of 2nd period - Stopped by Chris Driedger with a rebound. 0:53 of 2nd period - Shot by Jack Hughes. 0:53 of 2nd period - Deflect By Jason Robertson. 0:53 of 2nd period - Shot Misses the Net. 1:07 of 2nd period - Shot by Nick Suzuki. 1:07 of 2nd period - Goal by Nick Suzuki - NORTH DAKOTA HAWKS : 4 - REGINA FALCONS : 1. 1:07 of 2nd period - Troy Grosenick enters game. 1:08 of 2nd period - Anze Kopitar wins face-off versus Frederick Gaudreau in neutral zone. 1:08 of 2nd period - Rickard Rakell is hit by Garnet Hathaway and loses puck. 1:24 of 2nd period - Shot by Garnet Hathaway. 1:24 of 2nd period - Shot Misses the Net. 1:26 of 2nd period - Shot by Frederick Gaudreau. 1:26 of 2nd period - Stopped by Troy Grosenick without a rebound. 1:27 of 2nd period - Nico Sturm wins face-off versus Tanner Pearson in REGINA FALCONS zone. 1:27 of 2nd period - Nico Sturm is hit by Marco Scandella. 1:29 of 2nd period - Shot by Justin Danforth. 1:29 of 2nd period - Shot Blocked by Marco Scandella. 1:31 of 2nd period - Shot by Beck Malenstyn. 1:31 of 2nd period - Deflect By Justin Danforth. 1:31 of 2nd period - Shot Misses the Net. 1:33 of 2nd period - Shot by Justin Danforth. 1:33 of 2nd period - Goal by Justin Danforth - NORTH DAKOTA HAWKS : 5 - REGINA FALCONS : 1. 1:34 of 2nd period - Nick Suzuki wins face-off versus Anze Kopitar in neutral zone. 2:58 of 2nd period - Shot by William Eklund. 2:58 of 2nd period - Shot Misses the Net. 3:04 of 2nd period - Shot by Andre Burakovsky. 3:04 of 2nd period - Stopped by Linus Ullmark without a rebound. 3:05 of 2nd period - Tanner Pearson wins face-off versus Nico Sturm in NORTH DAKOTA HAWKS zone. 3:06 of 2nd period - Shot by Max Jones. 3:06 of 2nd period - Goal by Max Jones - NORTH DAKOTA HAWKS : 5 - REGINA FALCONS : 2. 3:07 of 2nd period - Christian Dvorak wins face-off versus Nico Sturm in neutral zone. 3:28 of 2nd period - Icing by Oliver Kylington. 3:29 of 2nd period - Anze Kopitar wins face-off versus Beck Malenstyn in NORTH DAKOTA HAWKS zone. 3:44 of 2nd period - Shot by Leo Carlsson. 3:44 of 2nd period - Shot Blocked by Oliver Kylington. 4:13 of 2nd period - Icing by Rickard Rakell. 4:14 of 2nd period - Nick Suzuki wins face-off versus Anze Kopitar in REGINA FALCONS zone. 4:17 of 2nd period - Shot by Reyley Smith. 4:17 of 2nd period - Stopped by Troy Grosenick without a rebound. 4:18 of 2nd period - Christian Dvorak wins face-off versus Jack Hug